 Dungeon Crawl Stone Soup version 0.30-a0-782-ge64f9170bb (webtiles) character file.

Game seed: 5760071994436981173

1882 Jossarian the Conjurer (level 8, -1/54 HPs)
             Began as a Demonspawn Conjurer on Mar 2, 2023.
             Was a Follower of Vehumet.
             Slain by a hornet (3 damage)
             ... on level 7 of the Dungeon.
             The game lasted 01:32:20 (7823 turns).

Jossarian the Conjurer (Demonspawn Conjurer)        Turns: 7823, Time: 01:32:21

Health: -1/54      AC:  4    Str: 16    XL:     8   Next: 92%
Magic:  13/17      EV: 18    Int: 21    God:    Vehumet [*.....]
Gold:   355        SH:  8    Dex: 15    Spells: 13/19 levels left

rFire   . . .      SeeInvis .    w - +3 short sword (venom)
rCold   . . .      Faith    .    (no shield)
rNeg    . . .      Spirit   .    a - +1 robe
rPois   .          Reflect  .    (no helmet)
rElec   .          Harm     .    z - +0 cloak
rCorr   .          Rampage  .    (no gloves)
Will    .....                    (no boots)
Stlth   ++                       (no amulet)
HPRegen 0.29/turn                y - ring "Gaec" {EV+5 Str+2 Dex+3}
MPRegen 0.15/turn                k - +6 ring of strength

@: lethally poisoned (-1 -> -12), about to teleport, on blink cooldown
A: large bone plates 3
a: Renounce Religion


You were on level 7 of the Dungeon.
You worshipped Vehumet.
Vehumet was aware of your devotion.
You visited 2 branches of the dungeon, and saw 8 of its levels.

You collected 355 gold pieces.

Inventory:

Hand Weapons
 f - a +1 short sword of protection
 v - a +2 short sword of flaming
 w - a +3 short sword of venom (weapon)
Missiles
 c - 73 stones
 j - 9 poisoned darts (quivered)
 t - 6 boomerangs
 C - 2 throwing nets
 F - 2 atropa-tipped darts
Armour
 a - a +1 robe (worn)
 x - +0 steam dragon scales
 z - a +0 cloak (worn)
Jewellery
 g - a ring of protection from fire
 k - a +6 ring of strength (right hand)
 l - a ring of fire
 m - a +4 ring of slaying
 y - the ring "Gaec" (left hand) {EV+5 Str+2 Dex+3}
   (You found it on level 4 of the Dungeon)

   [ring of evasion]

   EV:        It affects your evasion (+5).
   Str:       It affects your strength (+2).
   Dex:       It affects your dexterity (+3).
 G - a +5 ring of evasion
Wands
 o - a wand of mindburst (13)
 r - a wand of flame (24)
Scrolls
 i - 5 scrolls of teleportation
 s - 2 scrolls of amnesia
 u - a scroll of blinking
 B - a scroll of enchant armour
 H - a scroll of immolation {unknown}
Potions
 b - a potion of magic
 d - 2 potions of lignification
 h - 2 potions of curing
 n - 2 potions of invisibility
 p - a potion of attraction
 q - a potion of brilliance
 A - a potion of flight
 E - a potion of berserk rage


   Skills:
 + Level 1.4 Fighting
 + Level 0.7 Short Blades
 + Level 4.6 Throwing
 + Level 4.1 Dodging
 + Level 3.3 Stealth
 + Level 1.2 Shields
 + Level 0.4 Unarmed Combat
 + Level 6.1 Spellcasting
 + Level 6.7 Conjurations
 + Level 0.3 Ice Magic


You had 13 spell levels left.
You knew the following spells:

 Your Spells              Type           Power      Damage    Failure   Level
a - Magic Dart            Conj           100%       1d8       1%          1
b - Searing Ray           Conj           68%        2d6       1%          2
c - Blink                 Tloc           12%        N/A       14%         2
d - Freeze                Ice            28%        1d5       9%          1

Your spell library contained the following spells:

 Spells                   Type           Power      Damage    Failure   Level
 Kiss of Death            Conj/Necr      80%        2d11      2%          1
 Momentum Strike          Conj/Tloc      40%        3d9       3%          2
 Dazzling Flash           Conj/Hex       40%        N/A       8%          3
 Summon Small Mammal      Summ           24%        N/A       10%         1
 Lesser Beckoning         Tloc           12%        N/A       14%         2
 Fulminant Prism          Conj/Hex       10%        3d8       24%         4
 Iskenderun's Mystic Bla  Conj/Tloc      20%        2d6       24%         4
 Ozocubu's Armour         Ice            7%         N/A       26%         3
 Call Canine Familiar     Summ           6%         N/A       28%         3
 Ignite Poison            Fire/Tmut/Pois 6%         N/A       28%         3
 Kindle Blastsparks       Fire/Tloc/Air  12%        2d11      28%         3
 Summon Guardian Golem    Hex/Summ       6%         N/A       28%         3
 Freezing Cloud           Conj/Ice/Air   8%         6-21      71%         5
 Metabolic Englaciation   Hex/Ice        3%         N/A       94%         5
 Simulacrum               Ice/Necr       3%         N/A       100%        6


Dungeon Overview and Level Annotations

Branches:
Dungeon (7/15)             Temple (1/1) D:4

Altars:
Ashenzari
Cheibriados
Dithmenos
Fedhas
Gozag
Hepliaklqana
Kikubaaqudgha
Makhleb
Nemelex Xobeh
Okawaru
Qazlal
Ru
Sif Muna
Trog
Uskayaw
Vehumet
Wu Jian
Xom
Yredelemnul

Shops:
D:2 ?


Innate Abilities, Weirdness & Mutations

You are completely covered in large bone plates. (SH +8)


Message History

You resist with some effort. The hornet stings you!
* * * LOW HITPOINT WARNING * * *
You shrug off the repeated paralysis!
You can move again.
Casting: Searing Ray (safe; 1% risk of failure)
Confirm with . or Enter, or press ? or * to list all spells.
You blink.
* * * LOW HITPOINT WARNING * * *
You feel very sick.
As you read the scroll of teleportation, it crumbles to dust.
You feel strangely unstable.
* * * LOW HITPOINT WARNING * * *
You feel sick.
The orc wizard gestures wildly while chanting.
The orc wizard flickers and vanishes!
Deactivating autopickup; reactivate with Ctrl-A.
An orc wizard comes into view. It is wielding a +0 dagger.
You feel much better.
You feel sick.
An orc comes into view. It is wielding a +0 trident.
The air fills with toxic fumes!
As you read the scroll of poison, it crumbles to dust.
You feel sick. The hornet barely misses you. You block the orc wizard's attack.
The hornet stings you!
* * * LOW HITPOINT WARNING * * *
You are lethally poisoned!
You feel yourself slow down. The orc closely misses you.
Casting: Blink (safe; 14% risk of failure)
Confirm with . or Enter, or press ? or * to list all spells.
Aiming: Searing Ray (safe; 1% risk of failure)
Press: ? - help, Shift-Dir - straight line, f - orc wizard
Aim: an orc wizard, wielding a +0 dagger and wearing a +0 robe (76% to hit)
The searing ray hits the orc wizard!
The orc wizard is heavily wounded. (Press . to maintain the ray.)
You feel yourself speed up.
* * * LOW HITPOINT WARNING * * *
You feel very sick. The hornet misses you. The orc wizard misses you.
The orc completely misses you. The hornet stings you.
You die...

#.........##........#
....#####..#§§§§§§§§#
....# #..#§§§§§§§§#
....# #(.#§§§§§§§§#
....# #..##§§§§§§§#
....# #..##$§§§§§.#
....# #...##.§§o#
...## #§§##§#o#...(..
##..######§§{§§y@#
y....
.........§§##§####
.... ###...######..##
... ##..)........# ..
#.#.#####.#.# .
#.#.[.....#.#
#.#.........#
#.#..####.### #
#.....o...###...


You could see a hornet, an orc wizard and an orc.

Vanquished Creatures
  A steam dragon (D:7)
  A black bear (D:4)
  An ice beast (D:7)
  2 sky beasts
  An ogre (D:4)
  A phantom (D:6)
  A bullfrog (D:7)
  Blork the orc (D:6)
  2 scorpions
  4 wights (D:6)
  2 jellies
  6 hounds
  3 orc priests
  2 orc wizards
  4 iguanas (D:5)
  7 adders
  6 gnolls
  2 shadow imps (D:6)
  A white imp (D:4)
  An ufetubus (D:5)
  2 worms (D:2)
  3 dart slugs
  17 orcs
  8 ball pythons
  2 bats
  6 endoplasms
  A giant cockroach (D:1)
  8 goblins
  5 hobgoblins
  6 jackals
  3 quokkas
  11 frilled lizards
  11 kobolds
  8 rats
140 creatures vanquished.

Vanquished Creatures (others)
  A minotaur (D:1)
  A demonspawn (D:1)
  A gargoyle (D:1)
  A vine stalker (D:1)
  A vampire (D:1)
  2 spriggans (D:1)
  A demigod (D:1)
  A dwarf (D:1)
  3 felids (D:1)
  A gnoll (D:1)
  An orc (D:1)
  A kobold (D:1)
  4 plants (D:5)
  5 tentacles (D:1)
24 creatures vanquished.

Grand Total: 164 creatures vanquished

Notes
Turn   | Place    | Note
-------+----------+-------------------------------------------
     0 | D:1      | Jossarian the Demonspawn Conjurer began the quest for the
                  | Orb.
     0 | D:1      | Reached XP level 1. HP: 13/13 MP: 3/3
     2 | D:1      | Noticed a felid
     2 | D:1      | Noticed a vine stalker
     2 | D:1      | Noticed a vampire
     2 | D:1      | Noticed a felid
     2 | D:1      | Noticed a minotaur
     2 | D:1      | Noticed a felid
     2 | D:1      | Noticed a kraken
     2 | D:1      | Noticed a dwarf
     2 | D:1      | Noticed a demonspawn
     2 | D:1      | Noticed a demigod
     2 | D:1      | Noticed a spriggan
     2 | D:1      | Noticed a spriggan
     2 | D:1      | Noticed a gargoyle
     4 | D:1      | Killed a gargoyle
     5 | D:1      | Killed a demonspawn
     5 | D:1      | Killed a felid
     8 | D:1      | Killed a vine stalker
     9 | D:1      | Killed a spriggan
     9 | D:1      | Killed a minotaur
    10 | D:1      | Killed a dwarf
    11 | D:1      | Killed a spriggan
    11 | D:1      | Killed a demigod
    13 | D:1      | Killed a vampire
    14 | D:1      | Killed a felid
    14 | D:1      | Killed a felid
   264 | D:1      | Gained mutation: You are partially covered in large bone
                  | plates. (SH +4) [demonic ancestry]
   264 | D:1      | Reached XP level 2. HP: 19/19 MP: 3/5
   553 | D:1      | Learned a level 2 spell: Searing Ray
  1034 | D:1      | Reached XP level 3. HP: 24/24 MP: 3/6
  1381 | D:2      | Found The Oracle's Delphic Readings.
  1397 | D:2      | Reached skill level 5 in Conjurations
  1934 | D:2      | Gained mutation: You are mostly covered in large bone
                  | plates. (SH +6) [demonic ancestry]
  1934 | D:2      | Reached XP level 4. HP: 31/31 MP: 4/7
  2644 | D:3      | Found an ornate altar of the Wu Jian Council.
  2813 | D:3      | Reached XP level 5. HP: 21/36 MP: 5/9
  3443 | D:3      | Found a radiant altar of Vehumet.
  3450 | D:3      | Became a worshipper of Vehumet
  3547 | D:3      | Reached skill level 1 in Throwing
  3785 | D:4      | Reached XP level 6. HP: 42/42 MP: 8/11
  3977 | D:4      | Identified the ring "Gaec" {EV+5 Str+2 Dex+3}
  4290 | D:4      | Noticed a sky beast
  4307 | D:4      | Reached skill level 1 in Fighting
  4307 | D:4      | Reached XP level 7. HP: 44/48 MP: 3/13
  4563 | D:4      | Learned a level 2 spell: Blink
  4564 | D:4      | Found a hide-covered altar of Uskayaw.
  4672 | D:4      | Found a staircase to the Ecumenical Temple.
  4678 | Temple   | Entered the Ecumenical Temple
  4922 | D:5      | Entered Level 5 of the Dungeon
  4946 | D:5      | Reached * piety under Vehumet
  4946 | D:5      | Offered knowledge of Freeze by Vehumet.
  5025 | D:4      | Learned a level 1 spell: Freeze
  5082 | D:5      | Got First Steps in Mysticism
  6019 | D:5      | Gained mutation: You are completely covered in large bone
                  | plates. (SH +8) [demonic ancestry]
  6019 | D:5      | Reached XP level 8. HP: 40/54 MP: 12/15
  6274 | D:6      | Found a broken altar of Ashenzari.
  6314 | D:6      | Reached skill level 5 in Spellcasting
  6694 | D:6      | Noticed Blork the orc
  6712 | D:6      | Killed Blork the orc
  6767 | D:6      | Found a blossoming altar of Fedhas.
  6903 | D:6      | Reached skill level 1 in Shields
  7809 | D:7      | Noticed a hornet
  7817 | D:7      | Paralysed by a hornet for 2 turns
  7823 | D:7      | HP: 2/54 [poisoned by a hornet]
  7823 | D:7      | Slain by a hornet

Illustrated notes

Levels and vault maps discovered:
D:1:      nicolae_arrival_kraken_aquarium_b, layout_loops_ring,
          amcnicky_mini_rare_corridor_liquid
D:2:      layout_loops_ring, nicolae_nh_oracle_at_delphi
D:3:      layout_loops_ring, lemuel_doored_altar, mainiacjoe_overflow_alcove_4
D:4:      layout_rooms, mainiacjoe_overflow_brackets, kennysheep_mini_moat,
          temple_green
D:5:      layout_rooms, minmay_lizard_king
D:6:      layout_rooms, fedhas_altar_fruit_tree, mainiacjoe_overflow_alcove_2,
          uniq_blork_the_orc
D:7:      layout_basic, uniq_crazy_yiuf_cottage
Temple:   bh_familiar_temple

Skill      XL: |  1  2  3  4  5  6  7  8 |
---------------+-------------------------+-----
Dodging        | 2 4 |  4.1
Stealth        | 2 3 |  3.3
Conjurations   | 5 6 |  6.7
Spellcasting   | 3 4 6 |  6.1
Throwing       | 1 2 3 4 |  4.6
Fighting       | 1 |  1.4
Shields        | 1 |  1.2
Short Blades   | |  0.7
Unarmed Combat | |  0.4
Ice Magic      | |  0.3

Action                     |  1- 3 |  4- 6 |  7- 9 || total
---------------------------+-------+-------+-------++-------
  Melee: Dagger            |    13 |       |       ||    13
         Unarmed           |    10 |       |       ||    10
         Short sword       |     2 |       |     1 ||     3
  Throw: Dart              |    10 |    24 |    35 ||    69
   Cast: Magic Dart        |    66 |    41 |    72 ||   179
         Searing Ray       |     9 |    20 |    34 ||    63
         Freeze            |       |       |     3 ||     3
         Blink             |       |       |     2 ||     2
    Use: Scroll            |     4 |     3 |    12 ||    19
         Potion            |       |       |     2 ||     2
 Armour: Robe              |     6 |     5 |    12 ||    23
  Dodge: Dodged            |    17 |    16 |    57 ||    90
  Block: Other             |     1 |     8 |    19 ||    28

Table legend: (Time is in decaauts)
 A = Elapsed time spent in this place.
 B = Non-inter-level travel time spent in this place.
 C = Inter-level travel time spent in this place.
 D = Time resting spent in this place.
 E = Time spent auto-exploring this place.
 F = Levels seen in this place.
 G = Mean time per level.
                   A        B        C        D        E       F      G
               +--------+--------+--------+--------+--------+-----+--------+
         Total |   7817 |   4595 |   3222 |   2843 |      0 |   8 |  977.1 |
       Dungeon |   7583 |   4587 |   2996 |   2843 |      0 |   7 | 1083.3 |
        Temple |    233 |      7 |    226 |      0 |      0 |   1 |  233.0 |
               +--------+--------+--------+--------+--------+-----+--------+

Top non-repeatable levels by time:
     D:2: 1353 daAuts
     D:1: 1238 daAuts
     D:4: 1132 daAuts
     D:5: 1107 daAuts
     D:3: 1039 daAuts
     D:6: 869 daAuts
     D:7: 842 daAuts
  Temple: 233 daAuts
